 Dungeon Crawl Stone Soup version 0.20.0-15-g7f486f2 (console) character file.

525 epitafic the Stinger (level 7, 0/46 HPs)
             Began as a Demonspawn Venom Mage on June 27, 2017.
             Slain by a bullfrog skeleton (5 damage)
             ... on level 6 of the Dungeon.
             The game lasted 00:08:15 (1355 turns).

epitafic the Stinger (Demonspawn Venom Mage)        Turns: 1355, Time: 00:08:15

Health: 0/46       AC:  5    Str: 13    XL:     7   Next: 2%
Magic:  15/19      EV: 14    Int: 18    God:
Gold:   131        SH:  0    Dex: 14    Spells: 7/10 levels left

rFire    . . .     SeeInvis .   f - +0 short sword
rCold    . . .     Gourm    .   (no shield)
rNeg     . . .     Faith    .   a - +0 robe
rPois    .         Spirit   .   (no helmet)
rElec    .         Reflect  .   n - +0 cloak
rCorr    .         Harm     .   (no gloves)
MR       .....                  (no boots)
Stlth    +++.......             (no amulet)
Regen    0.2/turn               e - ring of magical power
MPRegen  0.2/turn               (no ring)

@: mighty
A: claws 1, yellow scales 1, spiny 1
a: no special abilities


You were on level 6 of the Dungeon.
You were not hungry.

You visited 1 branch of the dungeon, and saw 6 of its levels.

You collected 131 gold pieces.

Inventory:

Hand Weapons
 d - a +0 hand axe
 f - a +0 short sword (weapon)
Armour
 a - a +0 robe (worn)
 n - a +0 cloak (worn)
 p - a +0 crystal plate armour
Jewellery
 e - a ring of magical power (left claw)
Wands
 r - a wand of random effects (24/48)
Scrolls
 i - a scroll of amnesia {unknown}
 j - a scroll of remove curse {unknown}
 l - a scroll of teleportation {unknown}
 o - a scroll of fear {unknown}
 u - a scroll of brand weapon {unknown}
 v - a scroll of identify {unknown}
Potions
 g - a potion of lignification
 m - a potion of heal wounds
Books
 b - a Young Poisoner's Handbook

   Spells                             Type                      Level
   a - Sting                          Conjuration/Poison           1
   b - Poisonous Vapours              Poison/Air                   2
   c - Mephitic Cloud                 Conjuration/Poison/Air       3
   d - Olgreb's Toxic Radiance        Poison                       4
   e - Venom Bolt                     Conjuration/Poison           5
Comestibles
 c - 2 bread rations
 t - 4 chunks of flesh


   Skills:
 + Level 3.6 Dodging
 + Level 3.9 Stealth
 - Level 2.0 Spellcasting
 - Level 1.0 Conjurations
 * Level 6.2 Poison Magic


You had 7 spell levels left.
You knew the following spells:

 Your Spells              Type           Power        Failure   Level  Hunger
a - Sting                 Conj/Pois      ##..         4%          1    #......
b - Poisonous Vapours     Pois/Air       ##....       8%          2    ###....


Dungeon Overview and Level Annotations

Branches:
Dungeon (6/15)
 Temple: D:4-7

Altars:

Annotations:
D:5 KleinerIrrer's ghost, amateur DrCj


Innate Abilities, Weirdness & Mutations

You have sharp fingernails.
You are partially covered in yellow scales. (AC +2)
You are partially covered in sharp spines.


Message History

You closely miss the killer bee zombie.
The killer bee zombie is almost destroyed.
The killer bee zombie is struck by your spines.
You destroy the killer bee zombie!
You have reached level 7!
The orc hits you with a hand axe.
* * * LOW HITPOINT WARNING * * *
You puncture the orc!
You kill the orc!
The bullfrog skeleton barely misses you.
You puncture the bullfrog skeleton!
The bullfrog skeleton is heavily damaged.
The bullfrog skeleton is struck by your spines.
The bullfrog skeleton hits you.
* * * LOW HITPOINT WARNING * * *
The orc barely misses you.
You hit the bullfrog skeleton.
The bullfrog skeleton is severely damaged.
The bullfrog skeleton hits you.
You die...

#......>#.......#
#..###...##.....#
#................
#..###.(.##.....#
# #.###..#
##.###.....#
..##.ZZ.Z.# #.#
###.###
...)..##o## #.#
#.# # #.#.=.##Z#
#.# #.#
.......@.# #.#
#.# #.....####
..# #. ###.. #. #
# #.# #.. ###


You could see an orc, a kobold zombie and a bullfrog skeleton.

Vanquished Creatures
  A hippogriff (D:4)
  A centaur (D:6)
  3 orc priests
  An orc wizard (D:3)
  A worker ant (D:4)
  A killer bee zombie (D:6)
  3 adders
  A gnoll (D:1)
  An ooze (D:1)
  A worm (D:2)
  A dart slug (D:2)
  3 leopard geckos
  4 orcs
  3 giant cockroaches
  5 goblins
  7 hobgoblins
  2 quokkas (D:3)
  5 bats
  2 frilled lizards (D:1)
  9 kobolds
  A kobold zombie (D:6)
  7 rats
63 creatures vanquished.

Notes
Turn   | Place    | Note
-------+----------+-------------------------------------------
     0 | D:1      | epitafic the Demonspawn Venom Mage began the quest for the Orb.
     0 | D:1      | Reached XP level 1. HP: 13/13 MP: 3/3
    86 | D:1      | Gained mutation: You are partially covered in yellow scales. (AC +2) [demonic ancestry]
    86 | D:1      | Reached XP level 2. HP: 18/19 MP: 5/5
   289 | D:1      | Reached XP level 3. HP: 24/24 MP: 6/6
   417 | D:2      | Learned a level 2 spell: Poisonous Vapours
   579 | D:2      | Reached skill level 4 in Poison Magic
   636 | D:2      | Reached XP level 4. HP: 25/30 MP: 4/7
   995 | D:3      | Gained mutation: You are partially covered in sharp spines. [demonic ancestry]
   995 | D:3      | Reached XP level 5. HP: 28/35 MP: 8/8
  1042 | D:3      | Reached skill level 5 in Poison Magic
  1161 | D:4      | Noticed a hippogriff
  1171 | D:4      | Killed a hippogriff
  1171 | D:4      | Gained mutation: You have sharp fingernails. [demonic ancestry]
  1171 | D:4      | Reached XP level 6. HP: 17/41 MP: 9/9
  1186 | D:5      | Entered Level 5 of the Dungeon
  1210 | D:5      | Noticed KleinerIrrer's ghost (amateur DrCj)
  1251 | D:6      | Reached skill level 6 in Poison Magic
  1352 | D:6      | Reached XP level 7. HP: 13/46 MP: 10/10
  1355 | D:6      | Slain by a bullfrog skeleton

Skill      XL: |  1  2  3  4  5  6 |
---------------+-------------------+-----
Stealth        | 2 3 |  3.9
Dodging        | 2 3 |  3.6
Poison Magic   | 4 5 6 |  6.2
Spellcasting   | |  2.0
Conjurations   | |  1.0

Action                   |  1- 3 |  4- 6 |  7- 9 || total
-------------------------+-------+-------+-------++-------
Melee: Short sword       |    13 |    21 |     3 ||    37
 Cast: Sting             |    53 |    34 |       ||    87
       Poisonous Vapours |     5 |    17 |       ||    22
  Use: Potion            |       |     6 |       ||     6
  Eat: Chunk             |       |     4 |       ||     4
Armor: Robe              |     4 |     8 |       ||    12
       Skin              |       |     8 |       ||     8
Dodge: Dodged            |    19 |    37 |     2 ||    58
